 Dungeon Sprint DCSS version 0.26-a0-649-gf8c6c3aab7 (webtiles) character file.

Game seed: 13082241942971919339

259 sahdkjhfkaj the Carver (level 5, -5/51 HPs)
             Began as a Minotaur Monk on Sept 26, 2020.
             Was a Priest of Ashenzari.
             Collided with an unnaturally hard rock wall (14 damage)
             ... caused by a wretched star
             ... in the Dungeon (Sprint V: "Ziggurat Sprint").
             The game lasted 00:01:01 (196 turns).

sahdkjhfkaj the Carver (Minotaur Monk)               Turns: 196, Time: 00:01:01

Health: -5/51      AC: 30    Str: 28    XL:     5   Next: 95%
Magic:  14/14      EV:  4    Int: 12    God:    Ashenzari [***...]
Gold:   0          SH: 31    Dex: 13    Spells: 4/4 levels left

rFire    . . .     SeeInvis +   a - +7 Singing Sword {vorpal, sonic wave} (curse)
rCold    . . .     Faith    .   G - +18 shield of the Gong {rElec rN+ MR+ EV-5} (curse)
rNeg     + . .     Spirit   .   F - +15 Maxwell's patent armour {-Cast -Tele rElec MR+ rCorr} (curse)
rPois    .         Reflect  .   b - +3 hat of Pondering {ponderous, MR+ MP+10 Int+5}
rElec    +         Harm     .   (no cloak)
rCorr    +         Rampage  .   (no gloves)
MR       +++..     NoTele   +   (no boots) Stlth ..........NoCast +
                                (no amulet)
HPRegen  0.17/turn              z - +6 ring of strength (curse)
MPRegen  0.14/turn              A - +6 ring of strength (curse)

@: slow
A: retaliatory headbutt, horns 2, [no potion heal 2]
a: Curse Item, Scrying, Renounce Religion


You were in the Dungeon.
You worshipped Ashenzari.
Ashenzari was most pleased with you.
You visited 1 branch

Inventory:

Hand Weapons
 a - the cursed +7 Singing Sword (weapon) {vorpal, sonic wave}
   (You found it in the Dungeon)

   It inflicts extra damage upon your enemies.
   It has a curse placed upon it.
Armour
 b - the +3 hat of Pondering (worn) {ponderous, MR+ MP+10 Int+5}
   (You found it in the Dungeon)

   It affects your intelligence (+5).
   It affects your resistance to hostile enchantments.
   It affects your magic capacity (+10).
 F - the cursed +15 Maxwell's patent armour (worn) {-Cast -Tele rElec MR+ rCorr}
   (You found it in the Dungeon)

   It insulates you from electricity.
   It affects your resistance to hostile enchantments.
   It prevents spellcasting.
   It prevents most forms of teleportation.
   It provides partial protection from all sources of acid and corrosion.
   It has a curse placed upon it.
 G - the cursed +18 shield of the Gong (worn) {rElec rN+ MR+ EV-5}
   (You found it in the Dungeon)

   It affects your evasion (-5).
   It insulates you from electricity.
   It protects you from negative energy.
   It affects your resistance to hostile enchantments.
   It has a curse placed upon it.
Jewellery
 u - an uncursed ring of flight
 v - a +6 ring of dexterity
 w - a +6 ring of dexterity
 x - a +6 ring of intelligence
 y - a +6 ring of intelligence
 z - a cursed +6 ring of strength (left hand)
 A - a cursed +6 ring of strength (right hand)
Wands
 C - a wand of disintegration (7)
 D - a wand of iceblast (7)
 E - a wand of acid (7)
Scrolls
 h - 4 scrolls of blinking
 o - 4 scrolls of amnesia
 p - 7 scrolls of fog
 q - a scroll of holy word
 r - 5 scrolls of identify
 t - 2 scrolls of fear
Potions
 c - 9 potions of curing
 d - 10 potions of heal wounds
 e - 6 potions of haste
 f - 7 potions of magic
 g - 3 potions of berserk rage
 i - 2 potions of brilliance
 j - 2 potions of invisibility
 k - 4 potions of resistance
 m - 5 potions of stabbing
 n - 5 potions of might
Miscellaneous
 B - a lightning rod (4/4)


   Skills:
 + Level 6.9 Fighting
 * Level 9.1(11.9) Long Blades
 + Level 5.6 Armour
 + Level 6.4 Dodging
 - Level 1.5 Stealth
 * Level 8.2(10.1) Shields


You had 4 spell levels left.
You didn't know any spells.
Your spell library was empty.

Dungeon Overview and Level Annotations

Branches:
Dungeon (1/1)

Altars:
Ashenzari
Cheibriados
Dithmenos
Elyvilon
Fedhas
Gozag
Hepliaklqana
Kikubaaqudgha
Makhleb
Nemelex Xobeh
Okawaru
Qazlal
Ru
Sif Muna
Trog
Uskayaw
Vehumet
Wu Jian
Xom
Yredelemnul
Zin
The Shining One
Beogh
Jiyva
Lugonu

Annotations:
D 1 transporter


Innate Abilities, Weirdness & Mutations

You reflexively headbutt those who attack you in melee.
You have a pair of horns on your head.
[Potions are poor at restoring your health.]


Message History

You send a blast of sound all around you.
The monsters around you are blasted!
The wretched star is almost destroyed.
The quasit is almost dead.
The shadow imp is almost dead.
The apocalypse crab is almost dead.
Your headbutt misses the wretched star.
The wretched star is almost destroyed.
You block the apocalypse crab's attack.
GONNNNG!
The apocalypse crab claws you.
You are engulfed in flames!
You block the quasit's attack.
PANG!
You block the quasit's attack.
SHROANNG!
The quasit barely misses you.
The wretched star glows turbulently.
The lance of force hits you!
* * * LOW HITPOINT WARNING * * *
You are knocked back by the lance of force.
You slam into the unnaturally hard rock wall!
You die...

▓▓▓▓▓▓▓▓▓▓▓▓▓▓▓▓▓▓▓
,
▓.8©8.▓.8©8.▓.8©8.▓
,
*▓.|[[.▓.??}.▓.....▓
▓..)..▓.....▓.=...▓
,
▓..5..▓.....▓.....▓
,
▓.t5*.▓.....▓..††.▓
,,,
▓.....▓.....▓..©..▓
,
*▓.@©..▓..©..▓▓▓▓▓▓▓
*, ▓▓▓▓▓▓▓▓▓▓▓▓▓ * ,
,, © ,, * 8 {{{, ,
,, , , , , * , ,,, *
* * , , ,,, , , , ,
,, ,, ,* , * , , ©


You could see a wretched star, an apocalypse crab, a quasit and a shadow imp.

Vanquished Creatures
  A golden eye (shapeshifter) (D)
  A wolf (shapeshifter) (D)
  A quasit (D)
  2 adder skeletons (D)
5 creatures vanquished.

Notes
Turn   | Place    | Note
-------+----------+-------------------------------------------
     0 | D        | sahdkjhfkaj the Minotaur Monk began the quest for the Orb.
     0 | D        | Reached XP level 1. HP: 19/19 MP: 0/0
     0 | D        | Found a shimmering blue altar of Sif Muna.
     0 | D        | Found a sacrificial altar of Ru.
     0 | D        | Found a bloodstained altar of Trog.
     0 | D        | Found a stormy altar of Qazlal.
     0 | D        | Found an iron altar of Okawaru.
     0 | D        | Found a sparkling altar of Nemelex Xobeh.
     0 | D        | Found a blossoming altar of Fedhas.
     1 | D        | Found the +6 Majin-Bo {vamp, MP+6 Int+6}
     1 | D        | Found the +9 heavy crossbow "Sniper" {vorpal, Acc+∞ SInv}
     1 | D        | Found the +10 dark maul {vorpal}
     1 | D        | Found the +15 Maxwell's patent armour {-Cast -Tele rElec
                  | MR+ rCorr}
     1 | D        | Found the +18 shield of the Gong {rElec rN+ MR+ EV-5}
     1 | D        | Found the cursed +14 obsidian axe {vorpal, +Fly SInv
                  | *Curse}
     1 | D        | Found the +7 great mace "Firestarter" {inner flame, rF++}
     1 | D        | Found the +6 shillelagh "Devastator" {shatter}
     1 | D        | Found the +11 plutonium sword {*Contam Stlth-}
     1 | D        | Found the +8 lance "Wyrmbane" {slay drac, rPois rF+ rC+
                  | AC+3}
     1 | D        | Found the +9 sword of Zonguldrok {reap}
     1 | D        | Found the cursed +13 scythe of Curses {drain, *Curse}
     1 | D        | Found the +0 sword of Power
     1 | D        | Found the +7 mace of Variability {chain chaos}
     1 | D        | Found the +7 Singing Sword {vorpal, sonic wave}
     1 | D        | Found the +8 storm bow {elec, penet}
     2 | D        | Found a transporter.
     2 | D        | Found an ancient bone altar of Kikubaaqudgha.
     2 | D        | Found a viscous altar of Jiyva.
     2 | D        | Found a corrupted altar of Lugonu.
     2 | D        | Found a hazy altar of Hepliaklqana.
     2 | D        | Found a burning altar of Makhleb.
     2 | D        | Found an opulent altar of Gozag.
    62 | D        | Became a worshipper of Ashenzari the Shackled
    62 | D        | Reached * piety under Ashenzari
    62 | D        | Reached ** piety under Ashenzari
    79 | D        | Entered arena 2.
    79 | D        | Noticed a wolf
    79 | D        | Noticed a golden eye
    79 | D        | Found a transporter.
    80 | D        | Found the +3 hat of Pondering {ponderous, MR+ MP+10 Int+5}
    82 | D        | Reached skill level 6 in Long Blades
    82 | D        | Reached XP level 2. HP: 28/28 MP: 1/1
    83 | D        | Killed a wolf
    83 | D        | Reached skill level 5 in Fighting
    83 | D        | Reached skill level 7 in Long Blades
    83 | D        | Reached skill level 5 in Dodging
    83 | D        | Reached XP level 3. HP: 37/37 MP: 2/2
    83 | D        | Reached XP level 4. HP: 44/44 MP: 3/3
    83 | D        | Killed a golden eye
    83 | D        | Reached skill level 8 in Long Blades
    83 | D        | Reached skill level 5 in Armour
    83 | D        | Reached XP level 5. HP: 51/51 MP: 4/4
   169 | D        | Entered arena 3.
   169 | D        | Found a transporter.
   178 | D        | Reached skill level 9 in Long Blades
   186 | D        | Entered arena 4.
   186 | D        | Noticed a wretched star
   186 | D        | Noticed an apocalypse crab
   186 | D        | Reached *** piety under Ashenzari
   186 | D        | Found a transporter.
   196 | D        | Collided with an unnaturally hard rock wall

Illustrated notes

Levels and vault maps discovered:
D:        sprint_v [room_start, room_1, room_2, room_3, room_4, room_5, room_6,
          room_7, room_8, room_9, room_10, room_11, room_12, room_13, room_14,
          room_15, room_16, room_17, room_18, room_19, room_20, room_21,
          room_22, room_23, room_24, room_25, room_26, room_27]

Skill      XL: |  1  2  3  4  5 |
---------------+----------------+-----
Fighting       | 4 5 6 |  6.9
Long Blades    | 6 7 8 9 |  9.1
Armour         | 3 4 5 |  5.6
Dodging        | 4 5 6 |  6.4
Shields        | 4 6 7 8 |  8.2
Stealth        | |  1.5

Action                   |  1- 3 |  4- 6 || total
-------------------------+-------+-------++-------
Melee: Double sword      |     2 |    18 ||    20
       Headbutt          |     1 |     4 ||     5
Invok: Curse Item        |     5 |       ||     5
  Use: Potion            |     2 |       ||     2
Armor: Plate armour      |     2 |    26 ||    28
Dodge: Dodged            |       |     4 ||     4
Block: Kite shield       |     3 |    48 ||    51

Table legend: (Time is in decaauts)
 A = Elapsed time spent in this place.
 B = Non-inter-level travel time spent in this place.
 C = Inter-level travel time spent in this place.
 D = Time resting spent in this place.
 E = Time spent auto-exploring this place.
 F = Levels seen in this place.
 G = Mean time per level.
                   A        B        C        D        E       F      G
               +--------+--------+--------+--------+--------+-----+--------+
         Total |    195 |    195 |      0 |     72 |      0 |   1 |  195.0 |
       Dungeon |    195 |    195 |      0 |     72 |      0 |   1 |  195.0 |
               +--------+--------+--------+--------+--------+-----+--------+

Top non-repeatable levels by time:
       D: 195 daAuts
